 Dungeon Crawl Stone Soup version 0.20.1-1-g8b1a95d (webtiles) character file.

51 Linguinho the Sneak (level 3, -1/27 HPs)
             Began as a Demonspawn Assassin on Oct 30, 2017.
             Killed by nerve-wracking pain
             ... invoked by Jessica
              (4 damage)
             ... on level 1 of the Dungeon.
             The game lasted 00:02:40 (1439 turns).

Linguinho the Sneak (Demonspawn Assassin)           Turns: 1439, Time: 00:02:41

Health: -1/27      AC:  3    Str: 12    XL:     3   Next: 58%
Magic:  3/3        EV: 12    Int: 12    God:
Gold:   133        SH:  0    Dex: 14    Spells: 2/2 levels left

rFire    . . .     SeeInvis .   a - +2 dagger
rCold    + . .     Gourm    .   (no shield)
rNeg     . . .     Faith    .   c - +0 robe
rPois    .         Spirit   .   (no helmet)
rElec    .         Reflect  .   d - +0 cloak
rCorr    .         Harm     .   (no gloves)
MR       .....                  (no boots)
Stlth    +++.......             (no amulet)
Regen    0.1/turn               (no ring)
MPRegen  0.1/turn               (no ring)

@: no status effects
A: cold resistance 1
a: no special abilities


You were on level 1 of the Dungeon.
You were hungry.

You visited 1 branch of the dungeon, and saw 2 of its levels.

You collected 133 gold pieces.

Inventory:

Hand Weapons
 a - a +2 dagger (weapon)
 b - a +0 blowgun
Missiles
 e - 18 poisoned needles
 f - 2 curare-tipped needles
 r - 6 needles of sleeping
Armour
 c - a +0 robe (worn)
 d - a +0 cloak (worn)
Jewellery
 o - a cursed ring of teleportation {unknown}
Scrolls
 i - a scroll of magic mapping {unknown}
 j - a scroll of identify {unknown}
 k - a scroll of teleportation {unknown}
 l - a scroll of remove curse {unknown}
 p - a scroll of fear {unknown}
Potions
 h - a potion of mutation {unknown}
 m - 3 potions of curing {unknown}
 n - 2 potions of berserk rage {unknown}
 s - a potion of agility {unknown}
Comestibles
 g - 2 bread rations
 q - 4 fruits


   Skills:
 + Level 2.2 Fighting
 + Level 2.1 Short Blades
 - Level 1.7 Throwing
 * Level 1.0 Armour
 + Level 1.2 Dodging
 + Level 4.4 Stealth


You had 2 spell levels left.
You didn't know any spells.

Dungeon Overview and Level Annotations

Branches:
Dungeon (2/15)

Altars:

Annotations:
D:1 Jessica


Innate Abilities, Weirdness & Mutations

Your flesh is cold resistant. (rC+)


Message History

You hit the worm.
The worm is moderately wounded.
Jessica points at you and mumbles some strange words.
Pain shoots through your body! The worm bites you!
You hit the worm.
The worm is moderately wounded.
Jessica hits you but does no damage. Jessica hits you.
There is a stone staircase leading up here.
You can't go down here!
Jessica misses you.
You climb upwards.
There is a stone staircase leading down here.
Jessica mumbles some strange words.
Jessica blinks!
The worm bites you.
* * * LOW HITPOINT WARNING * * *
Jessica casts a spell at you.
You barely resist. Jessica casts a spell at you. Pain shoots through your body!
You die...

######## #......# #######
#......############......
#...>..).................
#.........^..............
#....@.w.##..............
#......#.##.#####...#####
#.......@...##..#.#.#
#######....##...#.#.## #
#....##..##.#..# #
#...).......##.## #
#.........####..# #
#.........# ##.###
#.........# #..##
#####)....# ##[##
#....#.### #.#


You could see a worm and Jessica.

Vanquished Creatures
  An ooze (D:1)
  A worm (D:2)
  A dart slug (D:1)
  A leopard gecko (D:1)
  6 bats
  A giant cockroach (D:1)
  3 goblins (D:1)
  8 hobgoblins
  3 jackals (D:1)
  6 kobolds
  A quokka (D:2)
  3 frilled lizards (D:2)
35 creatures vanquished.

Notes
Turn   | Place    | Note
-------+----------+-------------------------------------------
     0 | D:1      | Linguinho the Demonspawn Assassin began the quest for the Orb.
     0 | D:1      | Reached XP level 1. HP: 16/16 MP: 1/1
    94 | D:1      | Gained mutation: Your flesh is cold resistant. (rC+) [demonic ancestry]
    94 | D:1      | Reached XP level 2. HP: 14/22 MP: 2/2
   128 | D:1      | Reached skill level 4 in Stealth
   129 | D:1      | Reached skill level 1 in Dodging
   541 | D:1      | Reached XP level 3. HP: 4/27 MP: 3/3
  1260 | D:2      | Noticed Jessica
  1264 | D:2      | Reached skill level 1 in Armour
  1439 | D:1      | Killed from afar by Jessica

Skill      XL: |  1  2  3 |
---------------+----------+-----
Short Blades   | 2 |  2.1
Stealth        | 4 |  4.4
Dodging        | 1 |  1.2
Armour         | 1 |  1.0
Fighting       | |  2.2
Throwing       | |  1.7

Action                   || total
-------------------------++-------
Melee: Dagger            ||   143
 Stab: Sleeping          ||     9
  Eat: Chunk             ||     1
Armor: Robe              ||    34
Dodge: Dodged            ||   102
